Nashville Predators vs New York Rangers
Created - Thursday, March 7, 2024 at 07:01
Goals
|
| Nashville Predators |
0 |
2 |
0 |
2 |
| New York Rangers |
0 |
0 |
1 |
1 |
|
Shots
|
| Nashville Predators |
7 |
18 |
4 |
29 |
| New York Rangers |
3 |
18 |
9 |
30 |
|
1st period
No Goal
Penalties :
Kevin Labanc (NSH) for Roughing (Minor) at 10:02, Jacob Peterson (NSH) for Tripping (Minor) at 15:58
2nd period
1. Nashville Predators , Jakub Voracek 8 (Jacob Peterson 12, Thomas Novak 10) at 7:06 (PP)
2. Nashville Predators , Jakub Voracek 9 (Markus Niemelainen 4) at 16:46
Penalties :
Adam Larsson (NYR) for Roughing (Minor) at 6:51
3rd period
3. New York Rangers , Conor Garland 5 (Gabriel Landeskog 13) at 12:56
Penalties :
Mark Giordano (NYR) for Roughing (Minor) at 1:14, Corey Perry (NSH) for Hooking (Minor) at 5:32, Gabriel Landeskog (NYR) for Holding (Minor) at 8:09, Henri Jokiharju (NSH) for Diving (Minor) at 14:23, Corey Perry (NSH) for High sticking (Minor) at 19:15
Goalie Stats
Adin Hill (NSH), 29 saves from 30 shots - (0.967), W, 9-10-3, 60:00 minutes
Tristan Jarry (NYR), 27 saves from 29 shots - (0.931), L, 2-1-1, 58:53 minutes
Players Stats for Nashville Predators
Player Name G A P +/- PIM S H SB GA TA FO MP PP MP PK MP
------------------------------------------------------------------------------------
Alex Newhook 0 0 0 0 0 2 0 0 1 0 0/0 16:41 1:39 4:05
Alexander Alexeyev 0 0 0 -1 0 3 1 2 0 1 0/0 21:56 1:58 3:28
Brett Leason 0 0 0 0 0 1 1 1 1 0 0/0 7:30 0:00 0:00
Corey Perry 0 0 0 0 4 2 0 1 0 1 2/8 11:25 0:00 0:00
Henri Jokiharju 0 0 0 0 2 0 0 1 1 0 0/0 23:23 2:15 4:10
Jacob Peterson 0 1 1 1 2 3 2 0 0 0 1/1 18:01 2:10 3:10
Jakub Voracek 2 0 2 1 0 5 0 0 1 1 0/0 15:29 2:11 0:00
Justin Braun 0 0 0 -1 0 1 2 3 0 0 0/0 20:21 0:00 3:49
Kevin Labanc 0 0 0 -1 2 1 1 1 1 1 0/0 15:13 0:00 0:18
Markus Niemelainen 0 1 1 1 0 2 0 1 0 1 0/0 16:09 1:58 0:35
Morgan Frost 0 0 0 -1 0 2 1 0 1 0 9/23 21:19 1:49 3:58
Nate Schmidt 0 0 0 0 0 1 0 1 0 1 0/0 23:45 2:15 5:12
Oliver Kylington 0 0 0 1 0 0 0 2 0 0 0/0 14:29 0:00 0:06
Patrick Maroon 0 0 0 0 0 0 4 0 0 0 0/3 10:00 0:24 1:16
Ryan Carpenter 0 0 0 0 0 1 0 1 0 0 1/2 12:02 0:00 4:03
Sam Gagner 0 0 0 -1 0 2 0 0 1 0 0/0 17:24 2:02 0:30
Thomas Novak 0 1 1 1 0 2 1 0 0 0 7/11 15:08 2:10 0:00
Zemgus Girgensons 0 0 0 0 0 1 0 0 0 1 0/0 11:00 0:14 0:00
Players Stats for New York Rangers
Player Name G A P +/- PIM S H SB GA TA FO MP PP MP PK MP
------------------------------------------------------------------------------------
Adam Larsson 0 0 0 0 2 0 5 2 0 1 0/0 21:28 5:12 1:46
Artemi Panarin 0 0 0 0 0 1 2 0 1 0 0/1 17:03 4:18 0:00
Cam Fowler 0 0 0 0 0 2 0 3 0 2 0/0 16:58 0:00 0:00
Cole Caufield 0 0 0 0 0 3 0 2 0 0 1/2 19:59 4:22 0:00
Conor Garland 1 0 1 0 0 2 1 0 0 0 0/0 11:29 0:00 0:00
David Kampf 0 0 0 0 0 1 1 0 0 1 1/3 9:10 0:11 2:09
Dmitry Kulikov 0 0 0 0 0 3 1 0 0 0 0/0 18:48 0:00 2:12
Eric Robinson 0 0 0 0 0 0 1 0 0 0 0/0 8:43 0:00 1:55
Filip Chytil 0 0 0 0 0 2 0 0 1 1 3/6 15:23 3:28 0:00
Gabriel Landeskog 0 1 1 0 2 3 1 0 1 0 1/1 15:49 3:54 0:00
Jake McCabe 0 0 0 0 0 1 1 0 0 0 0/0 16:16 0:00 1:02
Mark Giordano 0 0 0 0 2 1 0 1 0 0 0/0 19:30 3:28 1:14
Mathew Barzal 0 0 0 0 0 3 1 1 1 1 0/1 21:50 5:12 0:06
Matthew Benning 0 0 0 0 0 0 0 2 0 1 0/0 17:23 0:00 2:12
Mikael Granlund 0 0 0 0 0 1 1 0 0 0 2/4 18:24 4:23 1:58
Nathan MacKinnon 0 0 0 0 0 3 0 0 1 0 13/17 23:01 4:18 2:09
Pierre-Luc Dubois 0 0 0 0 0 3 2 0 1 0 7/13 17:17 4:22 0:09
Tyler Motte 0 0 0 0 0 1 0 0 1 0 0/0 7:13 0:12 0:00
3 Stars
1 - Jakub Voracek (NSH)
2 - Adin Hill (NSH)
3 - Conor Garland (NYR)
Power Play
Nashville Predators - 1 on 3 Attempt(s) - 33.33%
New York Rangers - 0 on 5 Attempt(s) - 0.00%
Penalty Kill
Nashville Predators - 5 on 5 Attempt(s) - 100.00%
- Score 0 goal in Penalty Kill
New York Rangers - 2 on 3 Attempt(s) - 66.67%
- Score 0 goal in Penalty Kill
Team Stat
Nashville Predators - Hits : 13 - Faceoff Wins : 20 - Blocked Shots : 14 - Penalty Minutes : 10
New York Rangers - Hits : 17 - Faceoff Wins : 28 - Blocked Shots : 11 - Penalty Minutes : 6
Official
Referees : Dave Lewis and Marc Joannette
Linesman : Ryan Galloway and Matt MacPherson
Game Notes
No Game Note
Finance
Level 1 -- Attendance: 4252 (70.87%) -- Ticket Income $433,704
Level 2 -- Attendance: 3827 (76.54%) -- Ticket Income $241,101
Level 3 -- Attendance: 1980 (66.00%) -- Ticket Income $81,180
Level 4 -- Attendance: 3569 (71.38%) -- Ticket Income $99,932
Luxury Box -- Attendance: 958 (95.80%) -- Ticket Income $186,810
Game was played at the Madison Square Garden.
Total Attendance: 14586 (72.93%)
Total Ticket Income: $1,042,727
Other Income: $364,954
Total Income: $1,407,681
Nashville Predators
5 vs 5 Forward
Center Left Wing Right Wing Time % Phy DF OF
1 Thomas Novak Jacob Peterson Jakub Voracek 30 1 2 2
2 Morgan Frost Kevin Labanc Sam Gagner 30 1 2 2
3 Corey Perry Alex Newhook Zemgus Girgensons 25 1 2 2
4 Patrick Maroon Ryan Carpenter Brett Leason 15 1 2 2
5 vs 5 Defense
Defense Defense Time % Phy DF OF
1 Henri Jokiharju Nate Schmidt 35 1 2 2
2 Justin Braun Alexander Alexeyev 35 1 2 2
3 Markus Niemelainen Oliver Kylington 30 1 2 2
4 Henri Jokiharju Nate Schmidt 0 1 2 2
PowerPlay Forward
Center Left Wing Right Wing Time % Phy DF OF
1 Thomas Novak Jacob Peterson Jakub Voracek 50 1 2 2
2 Morgan Frost Alex Newhook Sam Gagner 50 1 2 2
PowerPlay Defense
Defense Defense Time % Phy DF OF
1 Nate Schmidt Henri Jokiharju 50 1 2 2
2 Markus Niemelainen Alexander Alexeyev 50 1 2 2
Penalty Kill 4 Players Forward
Center Wing Time % Phy DF OF
1 Ryan Carpenter Jacob Peterson 50 1 2 2
2 Morgan Frost Alex Newhook 50 1 2 2
Penalty Kill 4 Players Defense
Defense Defense Time % Phy DF OF
1 Henri Jokiharju Nate Schmidt 50 1 2 2
2 Alexander Alexeyev Justin Braun 50 1 2 2
Penalty Kill - 3 Players Forward
Forward Time % Phy DF OF
1 Ryan Carpenter 50 1 2 2
2 Morgan Frost 50 1 2 2
Penalty Kill - 3 Players Defense
Defense Defense Time % Phy DF OF
1 Henri Jokiharju Nate Schmidt 50 1 2 2
2 Markus Niemelainen Alexander Alexeyev 50 1 2 2
4 vs 4 Forward
Center Wing Time % Phy DF OF
1 Thomas Novak Jacob Peterson 50 1 2 2
2 Morgan Frost Sam Gagner 50 1 2 2
4 vs 4 Defense
Defense Defense Time % Phy DF OF
1 Henri Jokiharju Nate Schmidt 50 1 2 2
2 Alexander Alexeyev Markus Niemelainen 50 1 2 2
Last Minutes Offensive
Center Left Wing Right Wing Defense Defense
Thomas Novak Jacob Peterson Kevin Labanc Nate Schmidt Henri Jokiharju
Last Minutes Defensive
Center Left Wing Right Wing Defense Defense
Morgan Frost Corey Perry Ryan Carpenter Henri Jokiharju Nate Schmidt
Goaltenders
Starting : Adin Hill
Backup : Kevin Lankinen
Extra Forwards
Normal : Thomas Novak, Sam Gagner, Morgan Frost - PP : Sam Gagner, Alex Newhook - PK : Morgan Frost
Extra Defensemen
Normal : Henri Jokiharju, Oliver Kylington, Nate Schmidt - PP : Markus Niemelainen - PK : Alexander Alexeyev, Markus Niemelainen
Penalty Shots
Jacob Peterson, Jakub Voracek, Kevin Labanc, Morgan Frost, Thomas Novak
New York Rangers
5 vs 5 Forward
Center Left Wing Right Wing Time % Phy DF OF
1 Nathan MacKinnon Cole Caufield Mathew Barzal 35 0 1 4
2 Pierre-Luc Dubois Artemi Panarin Mikael Granlund 30 1 1 3
3 Filip Chytil Conor Garland Gabriel Landeskog 23 1 2 2
4 David Kampf Eric Robinson Tyler Motte 12 1 3 1
5 vs 5 Defense
Defense Defense Time % Phy DF OF
1 Cam Fowler Dmitry Kulikov 35 1 2 2
2 Adam Larsson Mark Giordano 33 1 2 2
3 Matthew Benning Jake McCabe 32 1 2 2
4 Cam Fowler Adam Larsson 0 1 2 2
PowerPlay Forward
Center Left Wing Right Wing Time % Phy DF OF
1 Pierre-Luc Dubois Nathan MacKinnon Artemi Panarin 50 0 1 4
2 Mikael Granlund Gabriel Landeskog Cole Caufield 50 0 1 4
PowerPlay Defense
Defense Defense Time % Phy DF OF
1 Mathew Barzal Adam Larsson 60 1 1 3
2 Filip Chytil Mark Giordano 40 1 1 3
Penalty Kill 4 Players Forward
Center Wing Time % Phy DF OF
1 David Kampf Nathan MacKinnon 50 1 3 1
2 Mikael Granlund Eric Robinson 50 1 3 1
Penalty Kill 4 Players Defense
Defense Defense Time % Phy DF OF
1 Matthew Benning Dmitry Kulikov 50 1 3 1
2 Adam Larsson Mark Giordano 50 1 3 1
Penalty Kill - 3 Players Forward
Forward Time % Phy DF OF
1 Mikael Granlund 50 1 2 2
2 David Kampf 50 1 2 2
Penalty Kill - 3 Players Defense
Defense Defense Time % Phy DF OF
1 Matthew Benning Dmitry Kulikov 50 1 3 1
2 Adam Larsson Mark Giordano 50 1 3 1
4 vs 4 Forward
Center Wing Time % Phy DF OF
1 Nathan MacKinnon Artemi Panarin 50 0 2 3
2 Pierre-Luc Dubois Cole Caufield 50 0 2 3
4 vs 4 Defense
Defense Defense Time % Phy DF OF
1 Cam Fowler Adam Larsson 50 1 2 2
2 Dmitry Kulikov Mark Giordano 50 1 2 2
Last Minutes Offensive
Center Left Wing Right Wing Defense Defense
Nathan MacKinnon Artemi Panarin Pierre-Luc Dubois Cam Fowler Adam Larsson
Last Minutes Defensive
Center Left Wing Right Wing Defense Defense
David Kampf Tyler Motte Mikael Granlund Dmitry Kulikov Adam Larsson
Goaltenders
Starting : Tristan Jarry
Backup : Igor Shesterkin
Extra Forwards
Normal : Nathan MacKinnon, Pierre-Luc Dubois, Gabriel Landeskog - PP : Gabriel Landeskog, Cole Caufield - PK : David Kampf
Extra Defensemen
Normal : Matthew Benning, Jake McCabe, Dmitry Kulikov - PP : Matthew Benning - PK : Jake McCabe, Dmitry Kulikov
Penalty Shots
Artemi Panarin, Cole Caufield, Pierre-Luc Dubois, Mark Giordano, Nathan MacKinnon
% Time on Ice - Nashville Predators
Lines # - Real PCT - Wanted PCT - Time Play
Normal Forward
1 - 27% - 30% - 12:44
2 - 35% - 30% - 16:14
3 - 22% - 25% - 10:10
4 - 16% - 15% - 7:30
Normal Defense
1 - 35% - 35% - 16:09
2 - 36% - 35% - 16:44
3 - 29% - 30% - 13:45
4 - 0% - 0% - 0:00
PP Forward
1 - 52% - 50% - 2:11
2 - 48% - 50% - 2:02
PP Defense
1 - 53% - 50% - 2:15
2 - 47% - 50% - 1:58
PK Forward
1 - 53% - 50% - 4:33
2 - 48% - 50% - 4:07
PK Defense
1 - 61% - 50% - 5:18
2 - 39% - 50% - 3:22
PK3 Forward
1 - 0% - 50%
2 - 0% - 50%
PK3 Defense
1 - 0% - 50%
2 - 0% - 50%
44 Forward
1 - 0% - 50%
2 - 0% - 50%
44 Defense
1 - 0% - 50%
2 - 0% - 50%
Last Minute Offensive - 0:00
Last Minute Defensive - 0:29
Total
Forward - 60:00
Defense - 60:00
|
% Time on Ice - New York Rangers
Lines # - Real PCT - Wanted PCT - Time Play
Normal Forward
1 - 33% - 35% - 15:21
2 - 29% - 30% - 13:40
3 - 24% - 23% - 11:18
4 - 14% - 12% - 6:20
Normal Defense
1 - 35% - 35% - 16:30
2 - 32% - 33% - 14:49
3 - 33% - 32% - 15:11
4 - 0% - 0% - 0:09
PP Forward
1 - 50% - 50% - 4:18
2 - 50% - 50% - 4:22
PP Defense
1 - 60% - 60% - 5:12
2 - 40% - 40% - 3:28
PK Forward
1 - 51% - 50% - 2:09
2 - 49% - 50% - 2:04
PK Defense
1 - 52% - 50% - 2:12
2 - 48% - 50% - 2:01
PK3 Forward
1 - 0% - 50%
2 - 0% - 50%
PK3 Defense
1 - 0% - 50%
2 - 0% - 50%
44 Forward
1 - 0% - 50%
2 - 0% - 50%
44 Defense
1 - 0% - 50%
2 - 0% - 50%
Last Minute Offensive - 0:28
Last Minute Defensive - 0:00
Total
Forward - 60:00
Defense - 60:00
|
Play-by-Play
1st period
0:01 of 1st period - Cole Caufield wins face-off versus Thomas Novak in neutral zone.
0:30 of 1st period - Snap shot by Sam Gagner.
0:30 of 1st period - Shot Misses the Net.
0:56 of 1st period - Slapshot by Filip Chytil.
0:56 of 1st period - Shot Misses the Net.
1:37 of 1st period - Backhand shot by Sam Gagner.
1:37 of 1st period - Stopped by Tristan Jarry without a rebound.
1:38 of 1st period - Pierre-Luc Dubois wins face-off versus Corey Perry in New York Rangers zone.
1:53 of 1st period - Wrist shot by Alex Newhook.
1:53 of 1st period - Shot Misses the Net.
2:47 of 1st period - Snap shot by Thomas Novak.
2:47 of 1st period - Shot Misses the Net.
3:09 of 1st period - Zemgus Girgensons is hit by Adam Larsson and loses puck.
3:35 of 1st period - Henri Jokiharju is hit by Conor Garland and loses puck.
3:54 of 1st period - Backhand shot by Thomas Novak.
3:54 of 1st period - Shot Misses the Net.
4:14 of 1st period - Snap shot by Brett Leason.
4:14 of 1st period - Stopped by Tristan Jarry without a rebound.
4:15 of 1st period - Morgan Frost wins face-off versus Filip Chytil in New York Rangers zone.
5:36 of 1st period - Justin Braun is hit by Adam Larsson and loses puck.
5:47 of 1st period - Matthew Benning is hit by Justin Braun and loses puck.
7:06 of 1st period - Wrist shot by Jakub Voracek.
7:06 of 1st period - Stopped by Tristan Jarry with a rebound.
7:08 of 1st period - Snap shot by Jacob Peterson.
7:08 of 1st period - Stopped by Tristan Jarry with a rebound.
7:10 of 1st period - Snap shot by Markus Niemelainen.
7:10 of 1st period - Deflect By Cam Fowler.
7:10 of 1st period - Stopped by Tristan Jarry without a rebound.
7:11 of 1st period - Nathan MacKinnon wins face-off versus Morgan Frost in New York Rangers zone.
7:30 of 1st period - Henri Jokiharju is hit by Mathew Barzal and loses puck.
7:41 of 1st period - Nate Schmidt is hit by Adam Larsson and loses puck.
7:45 of 1st period - Icing by Zemgus Girgensons.
7:46 of 1st period - Pierre-Luc Dubois wins face-off versus Corey Perry in Nashville Predators zone.
7:53 of 1st period - Slapshot by Artemi Panarin.
7:53 of 1st period - Shot Hit the Post.
8:18 of 1st period - Snap shot by Kevin Labanc.
8:18 of 1st period - Stopped by Tristan Jarry with a rebound.
8:44 of 1st period - Snap shot by Eric Robinson.
8:44 of 1st period - Shot Misses the Net.
8:46 of 1st period - Snap shot by Eric Robinson.
8:46 of 1st period - Shot Blocked by Henri Jokiharju.
8:48 of 1st period - Slapshot by Cam Fowler.
8:48 of 1st period - Shot Misses the Net.
8:50 of 1st period - Slapshot by Dmitry Kulikov.
8:50 of 1st period - Stopped by Adin Hill with a rebound.
9:49 of 1st period - Snap shot by Sam Gagner.
9:49 of 1st period - Shot Misses the Net.
10:02 of 1st period - Minor Penalty to Kevin Labanc for Roughing.
10:03 of 1st period - Ryan Carpenter wins face-off versus Pierre-Luc Dubois in Nashville Predators zone.
10:20 of 1st period - Wrist shot by Nathan MacKinnon.
10:20 of 1st period - Shot Blocked by Nate Schmidt.
10:51 of 1st period - Off-side.
10:52 of 1st period - Morgan Frost wins face-off versus Mikael Granlund in neutral zone.
11:19 of 1st period - Snap shot by Artemi Panarin.
11:19 of 1st period - Stopped by Adin Hill with a rebound.
12:02 of 1st period - Penalty to Kevin Labanc is over, Kevin Labanc is back on ice.
13:33 of 1st period - Henri Jokiharju is hit by Mikael Granlund and loses puck.
14:14 of 1st period - Wrist shot by Corey Perry.
14:14 of 1st period - Stopped by Tristan Jarry with a rebound.
14:44 of 1st period - Mark Giordano is hit by Patrick Maroon and loses puck.
15:10 of 1st period - Jake McCabe is hit by Jacob Peterson and loses puck.
15:58 of 1st period - Minor Penalty to Jacob Peterson for Tripping.
15:59 of 1st period - Pierre-Luc Dubois wins face-off versus Morgan Frost in Nashville Predators zone.
16:25 of 1st period - Gabriel Landeskog is hit by Patrick Maroon and loses puck.
16:30 of 1st period - Snap shot by Ryan Carpenter.
16:30 of 1st period - Shot Blocked by Cole Caufield.
16:47 of 1st period - Morgan Frost is hit by Pierre-Luc Dubois.
17:58 of 1st period - Penalty to Jacob Peterson is over, Jacob Peterson is back on ice.
18:06 of 1st period - Snap shot by Tyler Motte.
18:06 of 1st period - Shot Blocked by Justin Braun.
18:10 of 1st period - Wrist shot by Cam Fowler.
18:10 of 1st period - Stopped by Adin Hill with a rebound.
19:28 of 1st period - Mark Giordano is hit by Jacob Peterson and loses puck.
19:43 of 1st period - Snap shot by Alex Newhook.
19:43 of 1st period - Shot Blocked by Adam Larsson.
19:45 of 1st period - Slapshot by Markus Niemelainen.
19:45 of 1st period - Shot Misses the Net.
Goals for this period are 0 for Nashville Predators vs 0 for New York Rangers.
Shots for this period are 7 for Nashville Predators vs 3 for New York Rangers.
2nd period
0:01 of 2nd period - Thomas Novak wins face-off versus Pierre-Luc Dubois in neutral zone.
0:49 of 2nd period - Snap shot by Alex Newhook.
0:49 of 2nd period - Shot Misses the Net.
0:57 of 2nd period - Wrist shot by Filip Chytil.
0:57 of 2nd period - Shot Misses the Net.
1:07 of 2nd period - Slapshot by Tyler Motte.
1:07 of 2nd period - Shot Misses the Net.
1:24 of 2nd period - Icing by Nate Schmidt.
1:25 of 2nd period - Jacob Peterson wins face-off versus Pierre-Luc Dubois in Nashville Predators zone.
2:29 of 2nd period - Slapshot by Mikael Granlund.
2:29 of 2nd period - Stopped by Adin Hill with a rebound.
2:31 of 2nd period - Snap shot by Cam Fowler.
2:31 of 2nd period - Shot Misses the Net.
2:33 of 2nd period - Backhand shot by Pierre-Luc Dubois.
2:33 of 2nd period - Stopped by Adin Hill without a rebound.
2:34 of 2nd period - Nathan MacKinnon wins face-off versus Morgan Frost in Nashville Predators zone.
2:41 of 2nd period - Slapshot by Mathew Barzal.
2:41 of 2nd period - Shot Blocked by Justin Braun.
2:43 of 2nd period - Wrist shot by Mark Giordano.
2:43 of 2nd period - Stopped by Adin Hill without a rebound.
2:44 of 2nd period - Nathan MacKinnon wins face-off versus Morgan Frost in Nashville Predators zone.
3:12 of 2nd period - Wrist shot by Nathan MacKinnon.
3:12 of 2nd period - Stopped by Adin Hill with a rebound.
3:14 of 2nd period - Snap shot by Mathew Barzal.
3:14 of 2nd period - Stopped by Adin Hill without a rebound.
3:15 of 2nd period - Filip Chytil wins face-off versus Thomas Novak in Nashville Predators zone.
3:18 of 2nd period - Wrist shot by Gabriel Landeskog.
3:18 of 2nd period - Stopped by Adin Hill with a rebound.
3:20 of 2nd period - Snap shot by Gabriel Landeskog.
3:20 of 2nd period - Deflect By Filip Chytil.
3:20 of 2nd period - Shot Blocked by Oliver Kylington.
3:20 of 2nd period - Puck is out of play.
3:21 of 2nd period - Thomas Novak wins face-off versus Filip Chytil in Nashville Predators zone.
3:28 of 2nd period - Wrist shot by Jakub Voracek.
3:28 of 2nd period - Deflect By Conor Garland.
3:28 of 2nd period - Stopped by Tristan Jarry with a rebound.
3:37 of 2nd period - Wrist shot by Conor Garland.
3:37 of 2nd period - Shot Misses the Net.
4:14 of 2nd period - Corey Perry is hit by Artemi Panarin.
4:44 of 2nd period - Wrist shot by Jakub Voracek.
4:44 of 2nd period - Shot Misses the Net.
5:02 of 2nd period - Wrist shot by Ryan Carpenter.
5:02 of 2nd period - Shot Misses the Net.
5:04 of 2nd period - Slapshot by Alexander Alexeyev.
5:04 of 2nd period - Shot Blocked by Cam Fowler.
5:06 of 2nd period - Slapshot by Nate Schmidt.
5:06 of 2nd period - Deflect By David Kampf.
5:06 of 2nd period - Stopped by Tristan Jarry with a rebound.
5:08 of 2nd period - Slapshot by Justin Braun.
5:08 of 2nd period - Shot Blocked by Cam Fowler.
5:15 of 2nd period - Icing by David Kampf.
5:16 of 2nd period - David Kampf wins face-off versus Morgan Frost in New York Rangers zone.
6:09 of 2nd period - Wrist shot by Corey Perry.
6:09 of 2nd period - Stopped by Tristan Jarry without a rebound.
6:10 of 2nd period - Nathan MacKinnon wins face-off versus Corey Perry in New York Rangers zone.
6:24 of 2nd period - Wrist shot by Zemgus Girgensons.
6:24 of 2nd period - Stopped by Tristan Jarry with a rebound.
6:42 of 2nd period - Snap shot by Jakub Voracek.
6:42 of 2nd period - Shot Blocked by Matthew Benning.
6:44 of 2nd period - Snap shot by Justin Braun.
6:44 of 2nd period - Shot Blocked by Matthew Benning.
6:46 of 2nd period - Slapshot by Justin Braun.
6:46 of 2nd period - Stopped by Tristan Jarry with a rebound.
6:48 of 2nd period - Slapshot by Alexander Alexeyev.
6:48 of 2nd period - Stopped by Tristan Jarry without a rebound.
6:49 of 2nd period - Nathan MacKinnon wins face-off versus Morgan Frost in New York Rangers zone.
6:51 of 2nd period - Minor Penalty to Adam Larsson for Roughing.
6:52 of 2nd period - Thomas Novak wins face-off versus David Kampf in New York Rangers zone.
7:06 of 2nd period - Wrist shot by Jakub Voracek.
7:06 of 2nd period - Deflect By Nathan MacKinnon.
7:06 of 2nd period - Goal by Jakub Voracek - Nashville Predators : 1 - New York Rangers : 0.
7:07 of 2nd period - Nathan MacKinnon wins face-off versus Morgan Frost in neutral zone.
7:33 of 2nd period - Thomas Novak is hit by Pierre-Luc Dubois and loses puck.
7:56 of 2nd period - Wrist shot by Ryan Carpenter.
7:56 of 2nd period - Stopped by Tristan Jarry without a rebound.
7:57 of 2nd period - Nathan MacKinnon wins face-off versus Patrick Maroon in New York Rangers zone.
8:02 of 2nd period - Snap shot by Cole Caufield.
8:02 of 2nd period - Shot Misses the Net.
8:04 of 2nd period - Snap shot by Cole Caufield.
8:04 of 2nd period - Shot Misses the Net.
8:06 of 2nd period - Slapshot by Matthew Benning.
8:06 of 2nd period - Shot Blocked by Markus Niemelainen.
8:08 of 2nd period - Snap shot by Jake McCabe.
8:08 of 2nd period - Shot Blocked by Oliver Kylington.
8:10 of 2nd period - Wrist shot by Cole Caufield.
8:10 of 2nd period - Stopped by Adin Hill with a rebound.
8:12 of 2nd period - Slapshot by Matthew Benning.
8:12 of 2nd period - Shot Blocked by Ryan Carpenter.
8:26 of 2nd period - Snap shot by Sam Gagner.
8:26 of 2nd period - Stopped by Tristan Jarry without a rebound.
8:27 of 2nd period - Morgan Frost wins face-off versus Filip Chytil in New York Rangers zone.
8:54 of 2nd period - Slapshot by Conor Garland.
8:54 of 2nd period - Stopped by Adin Hill with a rebound.
9:13 of 2nd period - Icing by Nate Schmidt.
9:14 of 2nd period - Nathan MacKinnon wins face-off versus Morgan Frost in Nashville Predators zone.
9:49 of 2nd period - Snap shot by Jacob Peterson.
9:49 of 2nd period - Stopped by Tristan Jarry with a rebound.
9:51 of 2nd period - Snap shot by Thomas Novak.
9:51 of 2nd period - Stopped by Tristan Jarry with a rebound.
9:53 of 2nd period - Snap shot by Jakub Voracek.
9:53 of 2nd period - Stopped by Tristan Jarry without a rebound.
9:54 of 2nd period - Corey Perry wins face-off versus David Kampf in New York Rangers zone.
10:06 of 2nd period - Snap shot by Alex Newhook.
10:06 of 2nd period - Shot Misses the Net.
10:28 of 2nd period - Slapshot by Pierre-Luc Dubois.
10:28 of 2nd period - Stopped by Adin Hill with a rebound.
10:30 of 2nd period - Snap shot by Artemi Panarin.
10:30 of 2nd period - Shot Misses the Net.
10:32 of 2nd period - Snap shot by Jake McCabe.
10:32 of 2nd period - Deflect By Jacob Peterson.
10:32 of 2nd period - Stopped by Adin Hill with a rebound.
10:49 of 2nd period - Snap shot by Filip Chytil.
10:49 of 2nd period - Stopped by Adin Hill without a rebound.
10:50 of 2nd period - Nathan MacKinnon wins face-off versus Corey Perry in Nashville Predators zone.
10:51 of 2nd period - Snap shot by Mathew Barzal.
10:51 of 2nd period - Shot Misses the Net.
10:59 of 2nd period - Slapshot by Mathew Barzal.
10:59 of 2nd period - Stopped by Adin Hill with a rebound.
11:01 of 2nd period - Slapshot by Cam Fowler.
11:01 of 2nd period - Stopped by Adin Hill without a rebound.
11:02 of 2nd period - Nathan MacKinnon wins face-off versus Corey Perry in Nashville Predators zone.
11:10 of 2nd period - Off-side.
11:11 of 2nd period - Corey Perry wins face-off versus Nathan MacKinnon in neutral zone.
11:30 of 2nd period - Wrist shot by Alex Newhook.
11:30 of 2nd period - Stopped by Tristan Jarry without a rebound.
11:31 of 2nd period - Thomas Novak wins face-off versus Pierre-Luc Dubois in New York Rangers zone.
11:32 of 2nd period - Snap shot by Jakub Voracek.
11:32 of 2nd period - Shot Blocked by Cam Fowler.
11:58 of 2nd period - Cam Fowler is hit by Kevin Labanc and loses puck.
12:29 of 2nd period - Snap shot by Alex Newhook.
12:29 of 2nd period - Shot Misses the Net.
12:41 of 2nd period - Tyler Motte is hit by Brett Leason and loses puck.
13:02 of 2nd period - Artemi Panarin is hit by Justin Braun and loses puck.
13:09 of 2nd period - Snap shot by Jakub Voracek.
13:09 of 2nd period - Shot Misses the Net.
14:12 of 2nd period - Ryan Carpenter is hit by Adam Larsson.
14:54 of 2nd period - Backhand shot by Mathew Barzal.
14:54 of 2nd period - Stopped by Adin Hill without a rebound.
14:55 of 2nd period - Nathan MacKinnon wins face-off versus Morgan Frost in Nashville Predators zone.
15:06 of 2nd period - Snap shot by Morgan Frost.
15:06 of 2nd period - Shot Misses the Net.
15:08 of 2nd period - Slapshot by Alexander Alexeyev.
15:08 of 2nd period - Stopped by Tristan Jarry with a rebound.
15:32 of 2nd period - Slapshot by Jacob Peterson.
15:32 of 2nd period - Shot Misses the Net.
16:04 of 2nd period - Oliver Kylington is hit by Dmitry Kulikov and loses puck.
16:13 of 2nd period - Snap shot by David Kampf.
16:13 of 2nd period - Stopped by Adin Hill without a rebound.
16:14 of 2nd period - Nathan MacKinnon wins face-off versus Thomas Novak in Nashville Predators zone.
16:46 of 2nd period - Snap shot by Jakub Voracek.
16:46 of 2nd period - Goal by Jakub Voracek - Nashville Predators : 2 - New York Rangers : 0.
16:47 of 2nd period - Morgan Frost wins face-off versus Pierre-Luc Dubois in neutral zone.
16:54 of 2nd period - Slapshot by Alexander Alexeyev.
16:54 of 2nd period - Stopped by Tristan Jarry without a rebound.
16:55 of 2nd period - Pierre-Luc Dubois wins face-off versus Morgan Frost in New York Rangers zone.
16:55 of 2nd period - Pierre-Luc Dubois is hit by Alexander Alexeyev.
17:15 of 2nd period - Wrist shot by Artemi Panarin.
17:15 of 2nd period - Shot Misses the Net.
17:17 of 2nd period - Snap shot by Pierre-Luc Dubois.
17:17 of 2nd period - Shot Blocked by Justin Braun.
17:19 of 2nd period - Slapshot by Cam Fowler.
17:19 of 2nd period - Deflect By Mikael Granlund.
17:19 of 2nd period - Shot Blocked by Kevin Labanc.
17:19 of 2nd period - Puck is out of play.
17:20 of 2nd period - Thomas Novak wins face-off versus Nathan MacKinnon in Nashville Predators zone.
17:31 of 2nd period - Slapshot by Mathew Barzal.
17:31 of 2nd period - Shot Misses the Net.
17:47 of 2nd period - Icing by Matthew Benning.
17:48 of 2nd period - Filip Chytil wins face-off versus Patrick Maroon in New York Rangers zone.
17:55 of 2nd period - Snap shot by Gabriel Landeskog.
17:55 of 2nd period - Shot Blocked by Brett Leason.
17:57 of 2nd period - Wrist shot by Filip Chytil.
17:57 of 2nd period - Stopped by Adin Hill without a rebound.
17:58 of 2nd period - Morgan Frost wins face-off versus Cole Caufield in Nashville Predators zone.
18:05 of 2nd period - Wrist shot by Mathew Barzal.
18:05 of 2nd period - Shot Blocked by Alexander Alexeyev.
18:07 of 2nd period - Wrist shot by Cole Caufield.
18:07 of 2nd period - Stopped by Adin Hill without a rebound.
18:08 of 2nd period - Nathan MacKinnon wins face-off versus Morgan Frost in Nashville Predators zone.
18:15 of 2nd period - Snap shot by Nathan MacKinnon.
18:15 of 2nd period - Stopped by Adin Hill with a rebound.
18:25 of 2nd period - Wrist shot by Sam Gagner.
18:25 of 2nd period - Deflect By Morgan Frost.
18:25 of 2nd period - Stopped by Tristan Jarry with a rebound.
18:27 of 2nd period - Slapshot by Henri Jokiharju.
18:27 of 2nd period - Shot Blocked by Cole Caufield.
18:55 of 2nd period - Wrist shot by Morgan Frost.
18:55 of 2nd period - Stopped by Tristan Jarry with a rebound.
19:25 of 2nd period - Snap shot by Mathew Barzal.
19:25 of 2nd period - Shot Misses the Net.
Goals for this period are 2 for Nashville Predators vs 0 for New York Rangers.
Shots for this period are 18 for Nashville Predators vs 18 for New York Rangers.
3rd period
0:01 of 3rd period - Thomas Novak wins face-off versus Artemi Panarin in neutral zone.
0:08 of 3rd period - Snap shot by Jacob Peterson.
0:08 of 3rd period - Deflect By Artemi Panarin.
0:08 of 3rd period - Stopped by Tristan Jarry with a rebound.
0:31 of 3rd period - Snap shot by Nathan MacKinnon.
0:31 of 3rd period - Stopped by Adin Hill with a rebound.
0:33 of 3rd period - Slapshot by Dmitry Kulikov.
0:33 of 3rd period - Stopped by Adin Hill with a rebound.
0:35 of 3rd period - Snap shot by Cole Caufield.
0:35 of 3rd period - Shot Blocked by Corey Perry.
0:49 of 3rd period - Morgan Frost is hit by Gabriel Landeskog.
1:14 of 3rd period - Minor Penalty to Mark Giordano for Roughing.
1:15 of 3rd period - Mikael Granlund wins face-off versus Morgan Frost in New York Rangers zone.
2:00 of 3rd period - Slapshot by Jake McCabe.
2:00 of 3rd period - Shot Blocked by Alexander Alexeyev.
3:14 of 3rd period - Penalty to Mark Giordano is over, Mark Giordano is back on ice.
4:05 of 3rd period - Off-side.
4:06 of 3rd period - Morgan Frost wins face-off versus Nathan MacKinnon in neutral zone.
4:11 of 3rd period - Snap shot by Sam Gagner.
4:11 of 3rd period - Shot Misses the Net.
4:17 of 3rd period - Cole Caufield is hit by Morgan Frost and loses puck.
4:53 of 3rd period - Matthew Benning is hit by Patrick Maroon.
4:59 of 3rd period - Snap shot by Tyler Motte.
4:59 of 3rd period - Stopped by Adin Hill without a rebound.
5:00 of 3rd period - Pierre-Luc Dubois wins face-off versus Patrick Maroon in Nashville Predators zone.
5:07 of 3rd period - Wrist shot by Artemi Panarin.
5:07 of 3rd period - Shot Misses the Net.
5:32 of 3rd period - Minor Penalty to Corey Perry for Hooking.
5:33 of 3rd period - Gabriel Landeskog wins face-off versus Morgan Frost in Nashville Predators zone.
5:33 of 3rd period - Wrist shot by Cole Caufield.
5:33 of 3rd period - Stopped by Adin Hill with a rebound.
5:35 of 3rd period - Wrist shot by Cole Caufield.
5:35 of 3rd period - Deflect By Gabriel Landeskog.
5:35 of 3rd period - Stopped by Adin Hill with a rebound.
5:49 of 3rd period - Snap shot by Gabriel Landeskog.
5:49 of 3rd period - Shot Misses the Net.
7:32 of 3rd period - Penalty to Corey Perry is over, Corey Perry is back on ice.
7:50 of 3rd period - Slapshot by Corey Perry.
7:50 of 3rd period - Shot Blocked by Mark Giordano.
8:07 of 3rd period - Snap shot by Thomas Novak.
8:07 of 3rd period - Stopped by Tristan Jarry with a rebound.
8:09 of 3rd period - Minor Penalty to Gabriel Landeskog for Holding.
8:10 of 3rd period - Thomas Novak wins face-off versus Mikael Granlund in New York Rangers zone.
8:34 of 3rd period - Jakub Voracek is hit by Eric Robinson and loses puck.
8:53 of 3rd period - Slapshot by Adam Larsson.
8:53 of 3rd period - Shot Hit the Post.
10:09 of 3rd period - Penalty to Gabriel Landeskog is over, Gabriel Landeskog is back on ice.
10:40 of 3rd period - Mathew Barzal is hit by Patrick Maroon and loses puck.
11:22 of 3rd period - Icing by Zemgus Girgensons.
11:23 of 3rd period - Filip Chytil wins face-off versus Corey Perry in Nashville Predators zone.
11:30 of 3rd period - Snap shot by Gabriel Landeskog.
11:30 of 3rd period - Stopped by Adin Hill with a rebound.
11:32 of 3rd period - Wrist shot by Dmitry Kulikov.
11:32 of 3rd period - Stopped by Adin Hill with a rebound.
11:42 of 3rd period - Zemgus Girgensons is hit by David Kampf and loses puck.
12:05 of 3rd period - Nathan MacKinnon is hit by Thomas Novak and loses puck.
12:52 of 3rd period - Snap shot by Conor Garland.
12:52 of 3rd period - Shot Misses the Net.
12:54 of 3rd period - Wrist shot by Conor Garland.
12:54 of 3rd period - Shot Misses the Net.
12:56 of 3rd period - Snap shot by Conor Garland.
12:56 of 3rd period - Goal by Conor Garland - Nashville Predators : 2 - New York Rangers : 1.
12:57 of 3rd period - Pierre-Luc Dubois wins face-off versus Thomas Novak in neutral zone.
13:14 of 3rd period - Slapshot by Pierre-Luc Dubois.
13:14 of 3rd period - Stopped by Adin Hill with a rebound.
13:55 of 3rd period - Slapshot by Alex Newhook.
13:55 of 3rd period - Stopped by Tristan Jarry with a rebound.
14:01 of 3rd period - Wrist shot by Alex Newhook.
14:01 of 3rd period - Shot Blocked by Mathew Barzal.
14:03 of 3rd period - Snap shot by Markus Niemelainen.
14:03 of 3rd period - Stopped by Tristan Jarry without a rebound.
14:04 of 3rd period - Pierre-Luc Dubois wins face-off versus Morgan Frost in New York Rangers zone.
14:12 of 3rd period - Off-side.
14:13 of 3rd period - Morgan Frost wins face-off versus Pierre-Luc Dubois in neutral zone.
14:16 of 3rd period - Slapshot by Nate Schmidt.
14:16 of 3rd period - Shot Misses the Net.
14:23 of 3rd period - Minor Penalty to Henri Jokiharju for Diving.
14:24 of 3rd period - Morgan Frost wins face-off versus Nathan MacKinnon in Nashville Predators zone.
14:34 of 3rd period - Jacob Peterson is hit by Adam Larsson and loses puck.
16:05 of 3rd period - Nate Schmidt is hit by Artemi Panarin and loses puck.
16:23 of 3rd period - Penalty to Henri Jokiharju is over, Henri Jokiharju is back on ice.
17:25 of 3rd period - Henri Jokiharju is hit by Jake McCabe.
17:41 of 3rd period - Slapshot by Matthew Benning.
17:41 of 3rd period - Shot Misses the Net.
18:13 of 3rd period - Slapshot by Alexander Alexeyev.
18:13 of 3rd period - Shot Blocked by Adam Larsson.
18:41 of 3rd period - Icing by Cam Fowler.
18:42 of 3rd period - Morgan Frost wins face-off versus Mathew Barzal in New York Rangers zone.
18:53 of 3rd period - New York Rangers, Tristan Jarry is pulled from the net.
18:57 of 3rd period - Snap shot by Nathan MacKinnon.
18:57 of 3rd period - Shot Misses the Net.
19:15 of 3rd period - Minor Penalty to Corey Perry for High sticking.
19:16 of 3rd period - Mikael Granlund wins face-off versus Ryan Carpenter in Nashville Predators zone.
Goals for this period are 0 for Nashville Predators vs 1 for New York Rangers.
Shots for this period are 4 for Nashville Predators vs 9 for New York Rangers.
Back to the Top